 Dungeon Crawl Stone Soup version 0.30-a0-595-g91969c0fa5 (webtiles) character file.

Game seed: 16924649992895092149

0 Leeroy the Ruffian (level 1, -1/16 HPs)
             Began as a Draconian Transmuter on Jan 6, 2023.
             Frozen to death by an endoplasm (3 damage)
             ... on level 1 of the Dungeon.
             The game lasted 00:00:07 (21 turns).

Leeroy the Ruffian (Draconian Transmuter)             Turns: 21, Time: 00:00:08

Health: -1/16      AC:  4    Str: 12    XL:     1   Next: 8%
Magic:  3/3        EV: 12    Int: 13    God:
Gold:   0          SH:  0    Dex: 11    Spells: 3/4 levels left

rFire   . . .      SeeInvis .      - Unarmed
rCold   . . .      Faith    .    (no shield)
rNeg    . . .      Spirit   .    (body armour unavailable)
rPois   .          Reflect  .    (helmet restricted)
rElec   .          Harm     .    (no cloak)
rCorr   .          Rampage  .    (no gloves)
Will    .....                    (no boots)
Stlth   +                        (no amulet)
HPRegen 0.22/turn                (no ring)
MPRegen 0.08/turn                (no ring)

@: slowed, very slow
A: AC +4, unfitting armour, cold-blooded
a: no special abilities


You were on level 1 of the Dungeon.
You visited 1 branch of the dungeon, and saw 1 of its levels.

Inventory:

Potions
 a - a potion of lignification
 b - a potion of resistance {unknown}


   Skills:
 + Level 1.1 Fighting
 + Level 1.7 Dodging
 + Level 3.0 Unarmed Combat
 + Level 2.0 Spellcasting
 + Level 2.0 Transmutations


You had 3 spell levels left.
You knew the following spells:

 Your Spells              Type           Power      Damage    Failure   Level
a - Beastly Appendage     Tmut           12%        N/A       11%         1

Your spell library contained the following spells:

 Spells                   Type           Power      Damage    Failure   Level
 Wereblood                Tmut           6%         N/A       17%         2
 Spider Form              Tmut/Pois      3%         N/A       45%         3
 Ice Form                 Ice/Tmut       3%         N/A       86%         4


Dungeon Overview and Level Annotations

Branches:
Dungeon (1/15)

Altars:

Annotations:
D:1 2 transporters


Innate Abilities, Weirdness & Mutations

Your plain brown scales are hard. (AC +4)
You cannot fit into any form of body armour.
You are cold-blooded and may be slowed by cold attacks.


Message History

You enter the shallow water.
Moving in this stuff is going to be slow.
A ball python comes into view.
Found 7 stones.
A ball python is nearby!
A ball python is nearby!
A ball python is nearby!
An endoplasm comes into view.
The endoplasm quivers.
The ball python closely misses you. The ball python grabs you.
The ball python constricts you.
You barely miss the ball python.
The ball python bites you but does no damage.
The ball python constricts you.
You hit the ball python.
You kill the ball python!
Found 11 gold pieces.
You barely miss the endoplasm. The endoplasm freezes you.
You are frozen.
You feel yourself slow down.
You hit the endoplasm.
You tail-slap the endoplasm, but do no damage.
The endoplasm is severely wounded.
The endoplasm freezes you.
You are frozen.
You feel as though you will be slow longer.
The endoplasm freezes you.
You are frozen.
* * * LOW HITPOINT WARNING * * *
You feel as though you will be slow longer.
You are too injured to fight recklessly!
You are too injured to fight recklessly!
An endoplasm is nearby!
An endoplasm is nearby!
You hit the endoplasm.
You tail-slap the endoplasm, but do no damage.
The endoplasm is almost dead.
The endoplasm freezes you.
You are frozen.
You die...

......$.#
#.......#
#.(.....#
#.......#
#.......###
#..........
#..J.......
#..@.......
#..........
#####.#####....
#.....#### ...
####.###......#
.
##~~≈.≈≈≈~###.##
.#~≈≈≈≈~≈≈≈~#
#.≈≈≈≈≈≈≈~≈≈≈#
#.≈≈≈≈≈~~~≈≈≈#


You could see an endoplasm.

Vanquished Creatures
  A ball python (D:1)
1 creature vanquished.

Notes
Turn   | Place    | Note
-------+----------+-------------------------------------------
     0 | D:1      | Leeroy the Draconian Transmuter began the quest for the
                  | Orb.
     0 | D:1      | Reached XP level 1. HP: 16/16 MP: 3/3
    21 | D:1      | Frozen to death by an endoplasm

Illustrated notes

Levels and vault maps discovered:
D:1:      spicycebolla_arrival_transporter_tutorial, layout_basic

Action                   || total
-------------------------++-------
Melee: Unarmed           ||     5
       Tailslap          ||     2
Armor: Skin              ||     1
Dodge: Dodged            ||     1

Table legend: (Time is in decaauts)
 A = Elapsed time spent in this place.
 B = Non-inter-level travel time spent in this place.
 C = Inter-level travel time spent in this place.
 D = Time resting spent in this place.
 E = Time spent auto-exploring this place.
 F = Levels seen in this place.
 G = Mean time per level.
                   A        B        C        D        E       F      G
               +--------+--------+--------+--------+--------+-----+--------+
         Total |     23 |     23 |      0 |      0 |     11 |   1 |   23.0 |
       Dungeon |     23 |     23 |      0 |      0 |     11 |   1 |   23.0 |
               +--------+--------+--------+--------+--------+-----+--------+

Top non-repeatable levels by time:
     D:1: 23 daAuts
